 Dungeon Crawl Stone Soup version 0.26-a0-812-g31a745ddcd (webtiles) character file.

Game seed: 7234427609764177809

60 night the Grave Robber (level 3, -4/26 HPs)
             Began as a Demonspawn Necromancer on Nov 30, 2020.
             Killed from afar by Sigmund (9 damage)
             ... with a magic dart
             ... on level 2 of the Dungeon.
             The game lasted 00:04:24 (2039 turns).

night the Grave Robber (Demonspawn Necromancer)     Turns: 2039, Time: 00:04:24

Health: -4/26      AC:  2    Str:  8    XL:     3   Next: 82%
Magic:  3/7        EV: 12    Int: 17    God:
Gold:   88         SH:  0    Dex: 13    Spells: 2/7 levels left

rFire    . . .     SeeInvis .   (no weapon)
rCold    . . .     Faith    .   (no shield)
rNeg     . . .     Spirit   .   a - +0 robe
rPois    .         Reflect  .   (helmet restricted)
rElec    .         Harm     .   (no cloak)
rCorr    .         Rampage  .   (no gloves)
MR       .....                  (no boots)
Stlth    ++........             m - amulet of magic regeneration
HPRegen  0.08/turn              (no ring)
MPRegen  0.35/turn              (no ring)

@: no status effects
A: antennae 1
a: no special abilities


You were on level 2 of the Dungeon.
You visited 1 branch of the dungeon, and saw 2 of its levels.

You collected 88 gold pieces.

Inventory:

Missiles
 k - 15 poisoned darts (quivered)
Armour
 a - a +0 robe (worn)
Jewellery
 h - an uncursed amulet of faith
 m - an amulet of magic regeneration (around neck)
Scrolls
 c - a scroll of teleportation {unknown}
 f - 2 scrolls of identify
 j - a scroll of remove curse {unknown}
 n - a scroll of immolation {unknown}
Potions
 b - 4 potions of mutation {unknown}
 d - 2 potions of lignification {unknown}
 e - a potion of magic {unknown}
 g - 2 potions of curing {unknown}
 i - a potion of attraction {unknown}
 l - a potion of degeneration {unknown}


   Skills:
 + Level 1.4 Fighting
 - Level 1.7 Dodging
 - Level 1.7 Stealth
 + Level 2.8 Spellcasting
 + Level 5.1 Necromancy


You had 2 spell levels left.
You knew the following spells:

 Your Spells              Type           Power        Failure   Level
a - Pain                  Necr           ###.         2%          1
b - Vampiric Draining     Necr           ###.......   6%          3
c - Animate Skeleton      Necr           ###...       2%          1

Your spell library contained the following spells:

 Spells                   Type           Power        Failure   Level
 Animate Dead             Necr           ###.......   22%         4
 Agony                    Necr           ###.....     52%         5


Dungeon Overview and Level Annotations

Branches:
Dungeon (2/15)

Altars:

Annotations:
D:2 Sigmund


Innate Abilities, Weirdness & Mutations

You have a pair of small antennae on your head.


Message History

A puff of flame appears from out of thin air!
The puff of flame hits you.
You hear some strange, mumbled words.
Something tries to affect you, but you resist.
A puff of flame appears from out of thin air!
The puff of flame hits you! What are your orders? t - Shout!
Orders for allies: a - Attack new target. r - Retreat! s - Stop attacking. g - Guard the area. f - Follow me.
Anything else - Cancel.
Press: ? - help, Dir - move target cursor There's nothing there!
A puff of flame appears from out of thin air!
The puff of flame hits you!
* * * LOW HITPOINT WARNING * * *
A magic dart appears from out of thin air!
The magic dart hits you!
You die...

#.## #......[# #..##
#.......# #
#...#######.......#
#.#.#...gg†.#.......#
#[#.#######.........#
#......#####...(...######
###)##....######........##.
#..#####.######...####.#..
#<## #....@.##..>#......
#.# ######...........## #.#
##Z.........)# #.#
##...........# #.#
#....({......# #.#
#..#[........## #.#
#.###...#....# #.# #..
####.#..#.###. ..# ...#
#....).....)..


You could see a friendly jackal skeleton.

Vanquished Creatures
  4 gnolls
  A dart slug (D:1)
  A leopard gecko (D:2)
  A giant cockroach (D:1)
  3 hobgoblins (D:1)
  A jackal (D:2)
  A bat (D:2)
  2 frilled lizards (D:1)
  2 goblins (D:1)
  2 kobolds (D:1)
  6 rats (D:1)
24 creatures vanquished.

Notes
Turn   | Place    | Note
-------+----------+-------------------------------------------
     0 | D:1      | night the Demonspawn Necromancer began the quest for the
                  | Orb.
     0 | D:1      | Reached XP level 1. HP: 13/13 MP: 3/3
   221 | D:1      | Gained mutation: You have a pair of small antennae on your
                  | head. [demonic ancestry]
   221 | D:1      | Reached XP level 2. HP: 18/19 MP: 1/5
   838 | D:2      | HP: 3/20 [gnoll/+0 spear (10)]
  1116 | D:1      | HP: 1/20 [gnoll (3)]
  1152 | D:1      | Reached XP level 3. HP: 4/25 MP: 4/6
  1423 | D:1      | Learned a level 3 spell: Vampiric Draining
  1534 | D:2      | Reached skill level 1 in Fighting
  1767 | D:2      | Reached skill level 5 in Necromancy
  1913 | D:2      | Noticed Sigmund
  1979 | D:2      | Learned a level 1 spell: Animate Skeleton
  2039 | D:2      | Killed from afar by Sigmund

Illustrated notes

Levels and vault maps discovered:
D:1:      lordsloth_arrival_two_stooges, layout_basic
D:2:      layout_rooms, uniq_crazy_yiuf_cottage, uniq_terence, uniq_sigmund,
          uniq_robin

Skill      XL: |  1  2  3 |
---------------+----------+-----
Fighting       | 1 |  1.4
Necromancy     | 5 |  5.1
Dodging        | |  1.7
Stealth        | |  1.7
Spellcasting   | |  2.8

Action                   || total
-------------------------++-------
Melee: Unarmed           ||     1
Throw: Dart              ||     2
 Cast: Pain              ||    41
       Vampiric Draining ||     4
       Animate Skeleton  ||     2
  Use: Scroll            ||     1
Armor: Robe              ||     1
Dodge: Dodged            ||    10

Table legend: (Time is in decaauts)
 A = Elapsed time spent in this place.
 B = Non-inter-level travel time spent in this place.
 C = Inter-level travel time spent in this place.
 D = Time resting spent in this place.
 E = Time spent auto-exploring this place.
 F = Levels seen in this place.
 G = Mean time per level.
                   A        B        C        D        E       F      G
               +--------+--------+--------+--------+--------+-----+--------+
         Total |   2043 |   2034 |      9 |   1186 |    497 |   2 | 1021.5 |
       Dungeon |   2043 |   2034 |      9 |   1186 |    497 |   2 | 1021.5 |
               +--------+--------+--------+--------+--------+-----+--------+

Top non-repeatable levels by time:
     D:1: 1684 daAuts
     D:2: 359 daAuts
